 Dungeon Crawl Stone Soup version 0.30.1-11-g7821555f0a (webtiles) character file.

Game seed: 18428978690131395173

393 Slakohnn the Ducker (level 6, -1/48 HPs)
             Began as a Merfolk Gladiator on Dec 25, 2023.
             Was a Follower of Elyvilon.
             Slain by a sleepcap (4 damage)
             ... on level 5 of the Dungeon.
             The game lasted 00:17:08 (2928 turns).

Slakohnn the Ducker (Merfolk Gladiator)             Turns: 2928, Time: 00:17:08

Health: -1/48      AC:  3    Str: 16    XL:     6   Next: 81%
Magic:  6/6        EV: 14    Int:  8    God:    Elyvilon [*.....]
Gold:   124        SH:  0    Dex: 15    Spells: 5/5 levels left

rFire   . . .        O - +0 scythe
rCold   . . .        (shield currently unavailable)
rNeg    . . .        (no body armour)
rPois   .            v - +0 helmet
rElec   .            w - +0 cloak
rCorr   +            p - +0 pair of gloves
SInv    .            (no boots)
Will    .....        (no amulet)
Stlth   +            N - ring of wizardry
HPRegen 0.28/turn    y - ring of resist corrosion
MPRegen 0.10/turn

%: wizardry (x1)
@: lethally poisoned (-1 -> -9)
A: (nimble swimmer 2), mertail
a: Renounce Religion, Purification


You were on level 5 of the Dungeon.
You worshipped Elyvilon.
Elyvilon was aware of your devotion.
You visited 1 branch of the dungeon, and saw 5 of its levels.

You collected 124 gold pieces.

Inventory:

Hand Weapons
 a - a +0 long sword
 A - a +1 whip of distortion
 F - a +0 flail
 O - a +0 scythe (weapon)
Missiles
 d - 3 throwing nets (quivered)
 e - a javelin
 i - 47 stones
 I - 2 poisoned darts
 J - 4 atropa-tipped darts
Armour
 b - a +0 leather armour
 c - a +0 helmet
 j - a +0 ring mail
 p - a +0 pair of gloves (worn)
 q - a +0 robe
 t - a +0 helmet
 v - a +0 helmet (worn)
 w - a +0 cloak (worn)
 E - a +0 chain mail
 P - a +1 robe of willpower
Jewellery
 g - a ring of protection from cold
 y - a ring of resist corrosion (right hand)
 N - a ring of wizardry (left hand)
Scrolls
 l - a scroll of enchant armour {unknown}
 m - a scroll of silence {unknown}
 n - 2 scrolls of amnesia
 s - a scroll of fog {unknown}
 u - 2 scrolls of teleportation
 x - 2 scrolls of poison {unknown}
 B - a scroll of torment {unknown}
 D - a scroll of immolation {unknown}
 G - a scroll of summoning {unknown}
 L - a scroll of identify
Potions
 f - 4 potions of cancellation {unknown}
 h - a potion of might {unknown}
 k - a potion of haste {unknown}
 o - a potion of lignification {unknown}
 r - 2 potions of curing
 z - a potion of heal wounds {unknown}
 C - 2 potions of brilliance {unknown}
 H - a potion of attraction {unknown}
 M - a potion of degeneration {unknown}


   Skills:
 + Level 4.2 Fighting
 + Level 5.4 Long Blades
 + Level 3.7 Throwing
 + Level 6.0 Dodging


You had 5 spell levels left.
You didn't know any spells.
Your spell library contained the following spells:

 Spells                   Type           Power      Damage    Failure   Level
 Kiss of Death            Conj/Necr      0%         2d5       17%         1
 Cigotuvi's Dreadful Rot  Necr/Pois/Air  0%         N/A       26%         2
 Confusing Touch          Hex            0%         N/A       45%         3
 Ignite Poison            Fire/Tmut/Pois 0%         N/A       45%         3
 Dispel Undead            Necr           0%         3d6       83%         4
 Manifold Assault         Tloc           0%         N/A       83%         4
 Freezing Cloud           Conj/Ice/Air   0%         6-21      99%         5
 Dispersal                Tloc           0%         N/A       100%        6
 Disjunction              Tloc           0%         N/A       100%        8


Dungeon Overview and Level Annotations

Branches:
Dungeon (5/15)
 Temple: D:4-7

Altars:
Elyvilon


Innate Abilities, Weirdness & Mutations

((You are very nimble when in or above water. (Stealth+, EV+, Speed+++)))
Your lower body shifts to a powerful aquatic tail in water.


Message History

You are too injured to fight recklessly!
Unknown command.
You are too injured to fight recklessly!
You are too injured to fight recklessly!
It was a potion of invisibility.
You fade into invisibility!
The sleepcap misses you.
You can now purify yourself.
Found a robe.
Found a scroll labelled ILIMITUKHL FEOPH.
You flicker for a moment.
You flicker back into view.
The sleepcap attacks as you move away! The sleepcap releases spores at you!
* * * LOW HITPOINT WARNING * * *
Things that are here:
a scroll labelled ILIMITUKHL FEOPH; a +0 robe The sleepcap barely misses you.
The sleepcap attacks as you move away! The sleepcap releases spores at you.
* * * LOW HITPOINT WARNING * * *
The sleepcap attacks as you move away! The sleepcap misses you.
The sleepcap attacks as you move away! The sleepcap barely misses you.
The sleepcap attacks as you move away!
The sleepcap releases spores at you but does no damage.
The sleepcap attacks as you move away! The sleepcap misses you.
The sleepcap attacks as you move away! The sleepcap closely misses you.
The sleepcap attacks as you move away! The sleepcap closely misses you.
A scorpion comes into view.
Found a stone staircase leading down.
You hit the scorpion.
The scorpion is moderately wounded.
The scorpion closely misses you. The sleepcap completely misses you.
The scorpion stings you!
* * * LOW HITPOINT WARNING * * *
You are lethally poisoned!
The scorpion poisons you!
You barely miss the scorpion.
The scorpion is moderately wounded.
Elyvilon protects you from harm! The sleepcap releases spores at you.
You die... #####################.## ...............f@s...>.. ########################

You could see a sleepcap and a scorpion.

Vanquished Creatures
  Sigmund (D:5)
  2 hounds (D:4)
  Natasha (D:3)
  3 gnolls (D:3)
  An adder (D:2)
  An ufetubus (D:4)
  4 worms
  2 dart slugs
  An orc (D:3)
  11 ball pythons
  5 endoplasms
  4 giant cockroaches
  4 goblins
  3 jackals (D:4)
  5 quokkas
  5 bats
  3 frilled lizards
  8 kobolds
  7 rats
71 creatures vanquished.

Notes
Turn   | Place    | Note
-------+----------+-------------------------------------------
     0 | D:1      | Slakohnn the Merfolk Gladiator began the quest for the Orb.
     0 | D:1      | Reached XP level 1. HP: 16/16 MP: 1/1
   291 | D:1      | Reached XP level 2. HP: 20/23 MP: 2/2
   544 | D:1      | Reached XP level 3. HP: 28/28 MP: 3/3
  1526 | D:2      | Reached XP level 4. HP: 35/35 MP: 4/4
  2143 | D:3      | Reached skill level 5 in Dodging
  2149 | D:3      | Found a white marble altar of Elyvilon.
  2161 | D:3      | Became a worshipper of Elyvilon the Healer
  2262 | D:3      | Noticed Natasha
  2267 | D:3      | Killed Natasha
  2268 | D:3      | Reached XP level 5. HP: 41/41 MP: 5/5
  2780 | D:4      | Reached skill level 5 in Long Blades
  2780 | D:4      | Reached XP level 6. HP: 44/48 MP: 6/6
  2829 | D:5      | Entered Level 5 of the Dungeon
  2829 | D:5      | Noticed Sigmund
  2853 | D:5      | Killed Sigmund
  2854 | D:5      | Reached skill level 6 in Dodging
  2878 | D:5      | Reached * piety under Elyvilon
  2897 | D:5      | HP: 1/48 [sleepcap (5)]
  2927 | D:5      | HP: 2/48 [scorpion (7)]
  2928 | D:5      | Elyvilon protects you from harm!
  2928 | D:5      | Slain by a sleepcap

Illustrated notes

Levels and vault maps discovered:
D:1:      kennysheep_arrival_seaside, layout_rooms, hangedman_decor_slide_cut,
          corexii_leaking_fountain, minmay_pentomino_p4
D:2:      layout_rooms
D:3:      layout_loops_ring, lemuel_coloured_pillars_altar, uniq_natasha
D:4:      layout_basic
D:5:      layout_basic, grunt_temple_overflow_open,
          minmay_temple_entry_mini_moons, gammafunk_ghost_mausoleum,
          uniq_sigmund, uniq_duvessa

Skill      XL: |  1  2  3  4  5  6 |
---------------+-------------------+-----
Long Blades    | 4 5 |  5.4
Fighting       | 3 4 |  4.2
Dodging        | 5 6 |  6.0
Throwing       | 3 |  3.7

Action                     |  1- 3 |  4- 6 || total
---------------------------+-------+-------++-------
  Melee: Long sword        |   111 |       ||   111
         Whip              |    15 |    99 ||   114
         Flail             |       |    19 ||    19
         Punch             |       |     1 ||     1
         Halberd           |       |     5 ||     5
    Use: Scroll            |     1 |     4 ||     5
         Potion            |       |     3 ||     3
 Armour: Leather armour    |    31 |       ||    31
         Ring mail         |    17 |     4 ||    21
         Chain mail        |       |    42 ||    42
         Skin              |       |     1 ||     1
  Dodge: Dodged            |   108 |    69 ||   177
